General information
- name: BNet
- type: Ladder team game (AT/RT)
- host: Battle.net
- saver: CobbsLeftCleat
map: Mur'gulOasis
- players: 8
- length: 49:05
- speed: Fast
- version: 1.28 W3XP
- replay type: Public
» download(386 KB)
Players
team 1 (loser)
Junkie_Cum_SIut (
red | 34 APM | 1669 actions | 49:05)
6 Mountain King
3 Storm Bolt
2 Bash
1 Avatar
4 Paladin
2 Holy Light
1 Divine Shield
1 Devotion Aura
» actions
| Assign group hotkey | 33 | |
| Basic commands | 1 | |
| Build / train | 96 | |
| Enter build submenu | 24 | |
| Enter hero's abilities submenu | 10 | |
| Give item / drop item | 4 | |
| Remove unit from queue | 2 | |
| Right click | 900 | |
| Select / deselect | 287 | |
| Select group hotkey | 202 | |
| Use ability | 110 | |
1669 total
» units
| Peasant | 10 | |
| Footman | 3 | |
| Rifleman | 2 | |
| Mortar Team | 11 | |
| Siege Engine | 4 | |
| Spell Breaker | 4 | |
| Knight | 3 | |
| Gryphon Rider | 3 | |
40 total
» upgrades
| Masonry | 3 | |
| Gunpowder | 2 | |
| Lumber Harvesting | 2 | |
| Swords | 2 | |
| Magic Sentry | 1 | |
| Barrage | 1 | |
| Plating | 1 | |
| Animal War Training | 1 | |
| Storm Hammers | 1 | |
14 total
» buildings
| Altar of Kings | 1 | |
| Farm | 12 | |
| Barracks | 1 | |
| Lumber Mill | 1 | |
| Arcane Vault | 1 | |
| Blacksmith | 1 | |
| Keep | 1 | |
| Scout Tower | 6 | |
| Arcane Tower | 2 | |
| Guard Tower | 3 | |
| Arcane Sanctum | 1 | |
| Workshop | 1 | |
| Castle | 2 | |
| Gryphon Aviary | 1 | |
| Town Hall | 1 | |
35 total
» build order
00:22 Altar of Kings
00:36 Farm
00:39 Farm
00:51 Barracks
01:07 Lumber Mill
01:45 Farm
01:58 Arcane Vault
02:43 Blacksmith
02:50 Farm
03:27 Keep
03:52 Farm
05:02 Scout Tower
05:05 Scout Tower
05:29 Arcane Tower
05:29 Arcane Tower
05:32 Farm
06:09 Guard Tower
06:09 Guard Tower
06:15 Arcane Sanctum
06:20 Workshop
08:35 Farm
08:36 Farm
09:13 Castle
09:14 Castle
09:34 Farm
09:35 Farm
09:36 Farm
09:43 Farm
12:33 Gryphon Aviary
17:05 Scout Tower
17:07 Scout Tower
17:08 Scout Tower
17:08 Scout Tower
18:50 Town Hall
20:49 Guard Tower
» items
| Scroll of Regeneration | 4 | |
| Potion of Healing | 1 | |
| Scroll of Town Portal | 4 | |
| Scroll of Healing | 1 | |
| Boots of Speed | 3 | |
13 total
CobbsLeftCleat (
green | 48 APM | 2338 actions | 49:05)
10 Archmage
3 Summon Water Elemental
3 Brilliance Aura
1 Mass Teleport
3 Blizzard
» actions
| Assign group hotkey | 110 | |
| Basic commands | 162 | |
| Build / train | 94 | |
| Enter build submenu | 66 | |
| Enter hero's abilities submenu | 10 | |
| Give item / drop item | 15 | |
| Right click | 820 | |
| Select / deselect | 534 | |
| Select group hotkey | 306 | |
| Use ability | 221 | |
2338 total
» units
| Peasant | 13 | |
| Footman | 4 | |
| Gryphon Rider | 14 | |
31 total
» upgrades
| Lumber Harvesting | 2 | |
| Masonry | 3 | |
| Storm Hammers | 1 | |
| Animal War Training | 1 | |
| Swords | 3 | |
| Armor | 3 | |
| Cloud | 1 | |
| Magic Sentry | 1 | |
15 total
» buildings
| Altar of Kings | 1 | |
| Barracks | 1 | |
| Farm | 10 | |
| Arcane Vault | 5 | |
| Keep | 1 | |
| Lumber Mill | 4 | |
| Scout Tower | 41 | |
| Arcane Tower | 5 | |
| Castle | 1 | |
| Guard Tower | 10 | |
| Gryphon Aviary | 4 | |
| Blacksmith | 2 | |
| Town Hall | 2 | |
| Arcane Sanctum | 1 | |
88 total
» build order
00:54 Altar of Kings
00:55 Barracks
00:57 Farm
00:58 Farm
01:04 Farm
01:34 Farm
02:16 Arcane Vault
03:28 Keep
04:15 Lumber Mill
04:28 Lumber Mill
05:00 Scout Tower
05:25 Scout Tower
05:26 Scout Tower
05:27 Scout Tower
05:28 Scout Tower
05:30 Arcane Tower
05:35 Scout Tower
05:36 Scout Tower
05:50 Castle
06:06 Guard Tower
06:10 Guard Tower
06:11 Farm
06:14 Farm
06:22 Gryphon Aviary
06:22 Gryphon Aviary
06:55 Gryphon Aviary
07:39 Farm
10:06 Blacksmith
10:32 Blacksmith
13:15 Town Hall
13:25 Scout Tower
13:25 Scout Tower
13:26 Scout Tower
13:26 Scout Tower
13:34 Scout Tower
13:35 Scout Tower
13:35 Scout Tower
13:40 Arcane Vault
13:43 Arcane Vault
13:59 Guard Tower
14:07 Guard Tower
14:40 Guard Tower
17:22 Town Hall
17:26 Arcane Vault
17:29 Arcane Vault
17:31 Scout Tower
17:31 Scout Tower
17:32 Scout Tower
17:32 Scout Tower
17:33 Scout Tower
17:34 Scout Tower
17:34 Scout Tower
17:35 Scout Tower
17:37 Scout Tower
17:37 Scout Tower
17:38 Scout Tower
17:40 Scout Tower
18:04 Guard Tower
18:27 Guard Tower
18:29 Guard Tower
18:36 Lumber Mill
18:39 Lumber Mill
19:40 Guard Tower
20:47 Scout Tower
20:47 Scout Tower
20:49 Scout Tower
20:50 Scout Tower
20:51 Scout Tower
20:53 Scout Tower
20:53 Scout Tower
22:59 Guard Tower
23:07 Farm
23:08 Farm
23:09 Farm
24:00 Gryphon Aviary
33:32 Arcane Sanctum
35:32 Scout Tower
35:35 Scout Tower
35:46 Scout Tower
35:48 Scout Tower
35:48 Scout Tower
35:49 Scout Tower
35:51 Scout Tower
35:52 Scout Tower
36:04 Arcane Tower
36:05 Arcane Tower
36:19 Arcane Tower
37:54 Arcane Tower
» items
| Scroll of Regeneration | 5 | |
| Mechanical Critter | 4 | |
| Scroll of Town Portal | 1 | |
| Staff of Sanctuary | 1 | |
| Potion of Healing | 1 | |
| Ivory Tower | 3 | |
| Staff of Teleportation | 1 | |
| Potion of Invisibility | 1 | |
| Periapt of Vitality | 1 | |
| Potion of Lesser Invulnerability | 1 | |
| Dust of Appearance | 1 | |
20 total

»
infinitejest (
purple | 38 APM | 1869 actions | 49:05)
5 Dark Ranger
3 Black Arrow
1 Silence
1 Life Drain
» actions
| Assign group hotkey | 32 | |
| Basic commands | 5 | |
| Build / train | 48 | |
| Enter build submenu | 14 | |
| Enter hero's abilities submenu | 6 | |
| Remove unit from queue | 3 | |
| Right click | 1119 | |
| Select / deselect | 439 | |
| Select group hotkey | 152 | |
| Use ability | 51 | |
1869 total
» units
| Acolyte | 2 | |
| Ghoul | 10 | |
| Crypt Fiend | 1 | |
| Obsidian Statue | 3 | |
| Abomination | 4 | |
20 total
» upgrades
| Unholy Strength | 3 | |
| Unholy Armor | 3 | |
| Disease Cloud | 1 | |
| Destroyer Form | 1 | |
8 total
» buildings
| Crypt | 2 | |
| Altar of Darkness | 1 | |
| Ziggurat | 5 | |
| Nerubian Tower | 1 | |
| Graveyard | 1 | |
| Spirit Tower | 2 | |
| Tomb of Relics | 1 | |
| Halls of the Dead | 1 | |
| Slaughterhouse | 2 | |
| Black Citadel | 1 | |
17 total
» build order
00:52 Crypt
00:54 Crypt
01:00 Altar of Darkness
01:04 Ziggurat
02:05 Nerubian Tower
02:08 Ziggurat
02:11 Graveyard
03:38 Spirit Tower
03:53 Tomb of Relics
05:44 Ziggurat
05:45 Halls of the Dead
06:42 Spirit Tower
08:28 Slaughterhouse
08:30 Slaughterhouse
11:01 Black Citadel
13:53 Ziggurat
16:32 Ziggurat
» items
| Rod of Necromancy | 1 | |
| Dust of Appearance | 2 | |
| Scroll of Town Portal | 1 | |
| Potion of Healing | 1 | |
5 total
darkside (
pink | 16 APM | 794 actions | 49:05)
6 Archmage
3 Summon Water Elemental
2 Brilliance Aura
1 Mass Teleport
» actions
| Build / train | 59 | |
| Enter build submenu | 28 | |
| Enter hero's abilities submenu | 6 | |
| Give item / drop item | 3 | |
| Right click | 349 | |
| Select / deselect | 298 | |
| Use ability | 51 | |
794 total
» units
| Peasant | 10 | |
| Footman | 11 | |
| Gryphon Rider | 10 | |
31 total
» upgrades
| Masonry | 2 | |
| Swords | 3 | |
| Lumber Harvesting | 2 | |
| Storm Hammers | 1 | |
| Armor | 1 | |
| Animal War Training | 1 | |
10 total
» buildings
| Altar of Kings | 1 | |
| Barracks | 1 | |
| Farm | 12 | |
| Scout Tower | 7 | |
| Arcane Tower | 1 | |
| Lumber Mill | 1 | |
| Guard Tower | 5 | |
| Keep | 1 | |
| Blacksmith | 1 | |
| Arcane Vault | 1 | |
| Castle | 1 | |
| Gryphon Aviary | 2 | |
34 total
» build order
00:06 Altar of Kings
00:13 Barracks
00:26 Farm
00:41 Farm
01:30 Farm
02:16 Scout Tower
02:50 Scout Tower
03:21 Arcane Tower
03:40 Scout Tower
03:44 Lumber Mill
04:08 Guard Tower
05:10 Keep
05:21 Scout Tower
05:31 Blacksmith
05:40 Arcane Vault
06:04 Guard Tower
06:17 Farm
07:15 Scout Tower
08:21 Castle
08:24 Guard Tower
08:31 Gryphon Aviary
09:27 Farm
10:12 Gryphon Aviary
11:57 Farm
12:44 Farm
13:53 Farm
15:32 Farm
17:40 Farm
20:07 Scout Tower
20:45 Farm
20:48 Guard Tower
23:16 Farm
24:55 Scout Tower
29:15 Guard Tower
» items
| Scroll of Town Portal | 1 | |
| Orb of Fire | 1 | |
| Potion of Healing | 1 | |
3 total
team 2 (winner)
Muradin (
blue | 54 APM | 2675 actions | 49:05)
9 Blademaster
3 Wind Walk
3 Critical Strike
2 Bladestorm
1 Mirror Image
3 Tauren Chieftain
1 War Stomp
2 Endurance Aura
» actions
| Assign group hotkey | 8 | |
| Basic commands | 66 | |
| Build / train | 108 | |
| Enter build submenu | 27 | |
| Enter hero's abilities submenu | 12 | |
| Give item / drop item | 4 | |
| Remove unit from queue | 1 | |
| Right click | 1726 | |
| Select / deselect | 494 | |
| Select group hotkey | 8 | |
| Use ability | 221 | |
2675 total
» units
| Peon | 27 | |
| Grunt | 11 | |
| Shaman | 2 | |
| Tauren | 3 | |
| Troll Batrider | 10 | |
| Wind Rider | 8 | |
61 total
» upgrades
| Berserker Strength | 1 | |
| Shaman Training | 1 | |
| Pulverize | 1 | |
| Envenomed Spears | 1 | |
4 total
» buildings
| Altar of Storms | 2 | |
| Orc Burrow | 10 | |
| Barracks | 1 | |
| Voodoo Lounge | 2 | |
| Stronghold | 2 | |
| War Mill | 1 | |
| Fortress | 2 | |
| Spirit Lodge | 1 | |
| Tauren Totem | 2 | |
| Great Hall | 2 | |
| Beastiary | 1 | |
26 total
» build order
00:09 Altar of Storms
00:21 Orc Burrow
00:38 Barracks
01:22 Voodoo Lounge
01:55 Orc Burrow
03:42 Orc Burrow
04:49 Stronghold
04:49 Stronghold
05:32 War Mill
07:13 Fortress
09:31 Spirit Lodge
12:06 Tauren Totem
12:07 Tauren Totem
17:55 Orc Burrow
17:56 Orc Burrow
18:00 Orc Burrow
18:23 Orc Burrow
18:23 Orc Burrow
19:55 Great Hall
20:15 Orc Burrow
20:20 Voodoo Lounge
20:59 Beastiary
27:10 Great Hall
32:07 Altar of Storms
32:08 Orc Burrow
» items
| Healing Salve | 4 | |
| Lesser Clarity Potion | 2 | |
| Potion of Healing | 5 | |
| Scroll of Town Portal | 5 | |
| Tiny Great Hall | 1 | |
| Orb of Lightning | 2 | |
19 total
caterpillar (
orange | 59 APM | 921 actions | 15:36)
5 Blademaster
3 Wind Walk
2 Critical Strike
» actions
| Build / train | 45 | |
| Enter build submenu | 17 | |
| Enter hero's abilities submenu | 5 | |
| Right click | 520 | |
| Select / deselect | 260 | |
| Use ability | 73 | |
921 total
» units
» upgrades
| Berserker Strength | 1 | |
| Melee Weapons | 2 | |
| Ensnare | 1 | |
| Armor | 1 | |
| Pillage | 1 | |
6 total
» buildings
| Altar of Storms | 2 | |
| Orc Burrow | 8 | |
| Barracks | 1 | |
| Voodoo Lounge | 1 | |
| Stronghold | 1 | |
| War Mill | 1 | |
| Fortress | 2 | |
| Beastiary | 2 | |
18 total
» build order
00:23 Altar of Storms
00:24 Altar of Storms
00:31 Orc Burrow
01:01 Barracks
02:03 Orc Burrow
02:08 Voodoo Lounge
02:59 Stronghold
03:13 Orc Burrow
04:40 Orc Burrow
04:58 War Mill
06:22 Fortress
06:22 Fortress
06:49 Beastiary
06:51 Beastiary
11:35 Orc Burrow
11:37 Orc Burrow
11:39 Orc Burrow
11:41 Orc Burrow
» items
TOILET-CLEANER (
yellow | 65 APM | 3183 actions | 49:05)
8 Blademaster
3 Wind Walk
3 Critical Strike
1 Bladestorm
1 Mirror Image
4 Shadow Hunter
2 Hex
2 Healing Wave
» actions
| Assign group hotkey | 33 | |
| Basic commands | 160 | |
| Build / train | 84 | |
| Enter build submenu | 37 | |
| Enter hero's abilities submenu | 12 | |
| Give item / drop item | 2 | |
| Remove unit from queue | 4 | |
| Right click | 1286 | |
| Select / deselect | 351 | |
| Select group hotkey | 890 | |
| Use ability | 324 | |
3183 total
» units
| Peon | 19 | |
| Troll Batrider | 11 | |
| Wind Rider | 2 | |
32 total
» upgrades
| Ranged Weapons | 2 | |
| Reinforced Defenses | 1 | |
| Liquid Fire | 1 | |
| Armor | 2 | |
| Ensnare | 1 | |
| Melee Weapons | 1 | |
| Pillage | 1 | |
| Envenomed Spears | 1 | |
10 total
» buildings
| Altar of Storms | 1 | |
| Orc Burrow | 6 | |
| War Mill | 1 | |
| Voodoo Lounge | 1 | |
| Stronghold | 1 | |
| Watch Tower | 36 | |
| Fortress | 2 | |
| Beastiary | 4 | |
| Great Hall | 3 | |
55 total
» build order
00:06 Altar of Storms
00:23 Orc Burrow
00:41 War Mill
01:12 Voodoo Lounge
02:09 Stronghold
02:30 Watch Tower
02:50 Watch Tower
03:16 Watch Tower
03:21 Watch Tower
03:52 Orc Burrow
04:21 Orc Burrow
04:56 Fortress
04:56 Fortress
05:13 Beastiary
05:47 Beastiary
05:54 Watch Tower
05:54 Watch Tower
06:15 Orc Burrow
10:27 Watch Tower
10:28 Watch Tower
10:28 Watch Tower
10:29 Watch Tower
10:53 Great Hall
12:13 Watch Tower
12:13 Watch Tower
12:14 Watch Tower
12:19 Beastiary
13:06 Orc Burrow
14:27 Orc Burrow
14:43 Great Hall
15:08 Beastiary
15:15 Watch Tower
15:47 Watch Tower
15:47 Watch Tower
15:47 Watch Tower
16:11 Watch Tower
16:12 Watch Tower
17:02 Watch Tower
17:03 Watch Tower
17:03 Watch Tower
17:04 Watch Tower
17:16 Watch Tower
18:27 Watch Tower
18:28 Watch Tower
20:52 Watch Tower
22:59 Watch Tower
22:59 Watch Tower
22:59 Watch Tower
23:00 Watch Tower
30:08 Great Hall
34:09 Watch Tower
34:09 Watch Tower
34:09 Watch Tower
34:10 Watch Tower
34:15 Watch Tower
» items
| Healing Salve | 2 | |
| Lesser Clarity Potion | 2 | |
| Staff of Teleportation | 2 | |
| Orb of Lightning | 1 | |
| Scroll of Town Portal | 3 | |
| Potion of Mana | 1 | |
| Potion of Lesser Invulnerability | 1 | |
| Scroll of Healing | 1 | |
13 total
vertigo.flowers (
teal | 65 APM | 1337 actions | 20:24)
4 Archmage
2 Summon Water Elemental
2 Brilliance Aura
2 Mountain King
1 Storm Bolt
1 Bash
» actions
| Assign group hotkey | 146 | |
| Build / train | 79 | |
| Enter build submenu | 25 | |
| Enter hero's abilities submenu | 6 | |
| Give item / drop item | 1 | |
| Remove unit from queue | 1 | |
| Right click | 521 | |
| Select / deselect | 188 | |
| Select group hotkey | 289 | |
| Use ability | 81 | |
1337 total
» units
| Peasant | 7 | |
| Footman | 8 | |
| Rifleman | 6 | |
| Mortar Team | 3 | |
| Flying Machine | 6 | |
30 total
» upgrades
| Lumber Harvesting | 1 | |
| Masonry | 1 | |
| Gunpowder | 1 | |
| Armor | 1 | |
| Long Rifles | 1 | |
| Fragmentation Shards | 1 | |
| Flak Cannons | 1 | |
| Flying Machine Bombs | 1 | |
| Plating | 1 | |
9 total
» buildings
| Altar of Kings | 1 | |
| Farm | 8 | |
| Barracks | 2 | |
| Lumber Mill | 1 | |
| Blacksmith | 1 | |
| Arcane Vault | 1 | |
| Scout Tower | 5 | |
| Guard Tower | 8 | |
| Keep | 2 | |
| Arcane Tower | 1 | |
| Workshop | 3 | |
| Castle | 2 | |
35 total
» build order
00:58 Altar of Kings
01:02 Farm
01:13 Barracks
01:44 Farm
02:04 Lumber Mill
02:32 Farm
03:21 Farm
03:40 Blacksmith
04:07 Arcane Vault
04:33 Barracks
04:56 Scout Tower
05:15 Farm
05:36 Guard Tower
05:36 Guard Tower
05:39 Scout Tower
05:59 Farm
06:30 Keep
06:30 Keep
06:45 Guard Tower
06:45 Guard Tower
06:47 Scout Tower
07:21 Scout Tower
07:22 Guard Tower
07:23 Guard Tower
08:11 Guard Tower
08:11 Guard Tower
08:21 Scout Tower
08:49 Arcane Tower
09:09 Workshop
11:35 Workshop
12:13 Castle
12:13 Castle
13:37 Farm
16:11 Farm
17:52 Workshop
» items
| Scroll of Regeneration | 2 | |
| Healing Salve | 1 | |
| Lesser Clarity Potion | 2 | |
| Scroll of Town Portal | 3 | |
| Orb of Lightning | 1 | |
| Potion of Healing | 1 | |
| Scroll of Speed | 1 | |
11 total
Chat log
(00:33 / Allies) darkside: they prob gonna rush
(01:12 / Allies) infinitejest: we are going to rush first
(01:46 / Allies) infinitejest: also green and i shall get at least 2 towers.
(04:33 / All) infinitejest: man move your foots and target his fucking hero with tower
(04:37 / All) caterpillar: ^
(04:41 / All) caterpillar: Rektified
(04:53 / All) Junkie_Cum_SIut: i did well there
(05:01 / All) infinitejest: u always do well slut
(05:09 / Allies) Junkie_Cum_SIut: thanks for noticing
(05:13 / All) Junkie_Cum_SIut: make me feel warm inside
(05:34 / All) infinitejest: dont make me blush
(07:18 / Allies) infinitejest: coming
(07:26 / Allies) infinitejest: got dust
(07:27 / Allies) infinitejest: as well
(07:54 / All) TOILET-CLEANER: pink am
(08:53 / Allies) Junkie_Cum_SIut: hit top
(08:58 / Allies) CobbsLeftCleat: hit bottom
(09:01 / Allies) infinitejest: i need tp
(09:02 / Allies) Junkie_Cum_SIut: k go
(09:51 / Allies) Junkie_Cum_SIut: come yalll
(10:02 / Allies) darkside: comin getting tp
(10:02 / Allies) CobbsLeftCleat: gold?
(11:28 / Allies) CobbsLeftCleat: out
(11:42 / Allies) CobbsLeftCleat: gold?
(11:51 / All) infinitejest: WHAT
(11:52 / All) infinitejest: WHAWT
(11:52 / All) infinitejest: WHAT
(11:53 / All) infinitejest: WHAWT
(11:59 / All) caterpillar: i delay hacked u
(12:59 / All) infinitejest: i mean i fucked up
(13:01 / All) infinitejest: but stil
(13:06 / All) infinitejest: i thought i had it
(13:51 / Allies) Junkie_Cum_SIut: gimme pendant
(13:54 / Allies) Junkie_Cum_SIut: so i can spam
(13:55 / Allies) Junkie_Cum_SIut: bolts
(14:04 / Allies) darkside: k
(14:05 / Allies) Junkie_Cum_SIut: ty
(14:18 / Allies) darkside: yep
(14:37 / Allies) infinitejest: b
(15:14 / Allies) infinitejest: to twoers
(15:35 / All) CobbsLeftCleat: rekt
(16:09 / All) infinitejest: man hero revs take WAY too long
(18:32 / Allies) Junkie_Cum_SIut: gold asap
(18:33 / Allies) Junkie_Cum_SIut: plz
(18:44 / Allies) Junkie_Cum_SIut: ty
(18:55 / Allies) CobbsLeftCleat: lumber
(20:09 / All) infinitejest: comeon gg
(20:21 / All) vertigo.flowers: fuck you
(20:27 / All) infinitejest: lol
(20:33 / All) darkside: get raped
(20:46 / Allies) infinitejest: all my money
(20:47 / Allies) infinitejest: for u slut
(20:56 / Allies) Junkie_Cum_SIut: thanks babe
(21:11 / Allies) darkside: lol
(21:52 / Allies) Junkie_Cum_SIut: tp???
(21:55 / Allies) infinitejest: yeah
(22:00 / Allies) Junkie_Cum_SIut: tp now
(22:02 / Allies) Junkie_Cum_SIut: tp now
(22:04 / Allies) darkside: k
(22:35 / All) infinitejest: bitch
(22:54 / All) infinitejest: NO
(22:57 / All) infinitejest: BY NICE TO MY DESTROS
(23:00 / All) infinitejest: THIS GAME IS DONE :((
(23:43 / Allies) infinitejest: can i have a little gold please
(23:46 / Allies) infinitejest: green
(23:48 / Allies) infinitejest: you have os much
(23:57 / Allies) infinitejest: just want tp
(24:10 / Allies) infinitejest: please
(24:27 / Allies) infinitejest: greens afk isn't he
(24:34 / Allies) infinitejest: or no
(24:36 / Allies) infinitejest: GREEN
(24:39 / Allies) darkside: lol
(24:39 / Allies) infinitejest: like 400 GOLD PLEASE
(24:47 / Allies) infinitejest: YOU HAVE 4k
(24:53 / Allies) CobbsLeftCleat: who did you vote for Hillary or the orange cheeto?
(25:10 / Allies) CobbsLeftCleat: if you want gold answer the Q
(25:42 / Allies) infinitejest: GREEN
(25:43 / Allies) infinitejest: YOU FUCKING DICK
(26:02 / Allies) Junkie_Cum_SIut: 10o gold plz
(26:09 / Allies) Junkie_Cum_SIut: ty
(26:11 / Allies) CobbsLeftCleat: who did u vote for purple?
(26:57 / Allies) infinitejest: GREEN
(26:59 / Allies) infinitejest: OMG
(27:02 / Allies) Junkie_Cum_SIut: gold plz
(27:03 / Allies) infinitejest: YOU HAVE 6K
(27:06 / Allies) infinitejest: PLEASE
(27:07 / Allies) Junkie_Cum_SIut: 500 gold plz
(27:09 / Allies) infinitejest: SHARE THE WEALTH
(27:20 / Allies) CobbsLeftCleat: I don't have a lot to spare
(27:27 / Allies) Junkie_Cum_SIut: guys
(27:28 / Allies) infinitejest: YOU'RE SO MEAN
(27:32 / Allies) Junkie_Cum_SIut: we must hit
(28:15 / Allies) Junkie_Cum_SIut: guys
(28:19 / Allies) Junkie_Cum_SIut: WHAT ATE WE DOINF
(28:22 / Allies) infinitejest: we will lose this
(28:23 / Allies) infinitejest: cause green
(28:25 / Allies) infinitejest: wont give us money
(28:56 / Allies) infinitejest: ALTAR
(29:00 / Allies) CobbsLeftCleat: I'm not a bank, guys
(29:06 / Allies) infinitejest: YOURE A FUCKING BITCH
(29:09 / Allies) infinitejest: THIS ISNT LIFE
(29:13 / Allies) CobbsLeftCleat: That's uncalled for
(29:31 / All) infinitejest: WOW
(29:33 / All) infinitejest: I CANT GET A FUCKING TP
(29:37 / All) infinitejest: CAUSE GREEN HAS 8K
(29:39 / All) infinitejest: AND WONT GIVE ME 400G
(29:43 / All) darkside: wow wtf green
(29:43 / All) CobbsLeftCleat: Fake news
(29:43 / All) infinitejest: 400 GOLD
(29:45 / All) darkside: we lost
(29:46 / All) infinitejest: TO GET A FUCKING TP
(29:47 / All) infinitejest: WE LOST
(29:49 / All) infinitejest: CAUSE THIS GUY
(29:51 / All) infinitejest: IS THE BIGGEST NOOB
(29:57 / All) CobbsLeftCleat: you should have expanded
(29:58 / Allies) Junkie_Cum_SIut: green
(30:00 / Allies) Junkie_Cum_SIut: please shae
(30:01 / Allies) Junkie_Cum_SIut: the gold
(30:01 / All) CobbsLeftCleat: then you wouldn't be in this predicament
(30:05 / Allies) darkside: green wtf
(30:07 / All) infinitejest: ok green
(30:09 / All) infinitejest: play this game
(30:10 / All) infinitejest: to lose
(30:10 / Allies) darkside: we will lost
(30:13 / All) infinitejest: that's real cool
(30:22 / All) CobbsLeftCleat: I'm not a bank, guys, jeez
(30:27 / Allies) CobbsLeftCleat: expand!
(30:28 / All) infinitejest: you've already made that joke
(30:35 / All) infinitejest: nobody can expand cause our bases got attacked
(30:36 / Allies) darkside: well ur not helping either way
(30:42 / Allies) Junkie_Cum_SIut: 1oo gold plz
(30:54 / Allies) darkside: u r not attacking
(30:59 / Allies) darkside: just storing up gold
(31:08 / All) TOILET-CLEANER: lawl
(31:15 / All) TOILET-CLEANER: get wrecked, red
(31:18 / All) TOILET-CLEANER: get wrecked, purple
(31:42 / Allies) Junkie_Cum_SIut: green can ig et 2 k please
(31:57 / Allies) infinitejest: AND HES GETTING
(31:58 / Allies) infinitejest: GRYPHS
(32:00 / Allies) infinitejest: WHEN THEY HAVE BATS
(32:17 / Allies) infinitejest: GET TANKS
(32:18 / Allies) infinitejest: GREEn
(32:25 / Allies) Junkie_Cum_SIut: expo goig up
(32:45 / All) infinitejest: green plays this game
(32:47 / All) infinitejest: cause it's funny
(32:51 / All) infinitejest: waste. of. time
(33:03 / All) infinitejest: you can be funny, and win
(33:08 / All) infinitejest: or you can be a joke yourself
(33:17 / All) TOILET-CLEANER: dude giv eus credit
(33:20 / All) TOILET-CLEANER: we beat u 2v4
(33:21 / All) CobbsLeftCleat: we got a philosopher over here
(33:22 / All) CobbsLeftCleat: jack handy
(33:24 / Allies) darkside: green they will kill all our bases
(33:27 / All) infinitejest: GREEN HAS 12k
(33:28 / Allies) darkside: and urs
(33:39 / All) infinitejest: AND MY BASE WAS DEAD BEFORE IT WAS 2V4
(33:42 / All) darkside: green is basically a tker
(33:47 / Allies) Junkie_Cum_SIut: pink sell some items
(33:53 / Allies) Junkie_Cum_SIut: and rebuild
(34:02 / All) infinitejest: Green is a waste.
(34:06 / All) darkside: too late
(34:08 / All) infinitejest: A failure at life
(34:19 / All) infinitejest: this is the reason
(34:21 / All) infinitejest: this mentality
(34:26 / All) infinitejest: because you're a fucking joke
(34:40 / Allies) Junkie_Cum_SIut: the other team
(34:41 / Allies) Junkie_Cum_SIut: is so bad
(34:43 / All) TOILET-CLEANER: nobody ever gives me credit
(34:44 / Allies) Junkie_Cum_SIut: green may
(34:47 / Allies) Junkie_Cum_SIut: just pull this off
(34:47 / All) TOILET-CLEANER: i did great this game
(34:49 / All) infinitejest: you're a stud
(34:53 / All) TOILET-CLEANER: and nbodoy says "good job yellow"
(34:54 / All) infinitejest: but you took advantage of someone
(34:56 / All) infinitejest: who literally plays
(34:57 / All) infinitejest: NOT
(35:00 / All) infinitejest: To do a good job
(35:08 / All) infinitejest: who gets no satisfaction
(35:11 / All) infinitejest: From doing anything properly
(35:37 / All) infinitejest: being adaptive, and thinking how to overcome a situation, regardless of the medium
(35:41 / All) infinitejest: is a valuable asset green
(35:48 / All) infinitejest: even though it's a game
(35:50 / All) infinitejest: you suck.
(36:02 / Allies) Junkie_Cum_SIut: cn u share controll green
(36:13 / All) CobbsLeftCleat: I've had enough of your fortune cookie wisdom
(36:15 / Allies) darkside: lol u think he would give up control
(36:17 / All) CobbsLeftCleat: shut your mouth and beat it, bub
(36:25 / All) infinitejest: my wisdom makes perfectly logical sense
(36:28 / All) infinitejest: reducing it
(36:30 / All) infinitejest: just proves
(36:33 / All) infinitejest: you're hurt by it
(36:40 / All) infinitejest: and don't call me bub
(36:43 / All) infinitejest: you old AF weirdo
(36:43 / All) darkside: green u will get molested by yellow and oj
(36:52 / All) infinitejest: you're a fucking bum
(36:59 / All) infinitejest: it bleeds out of your playstyle
(37:11 / All) CobbsLeftCleat: I've just about had it up to here with your backbiting, sport
(37:12 / All) infinitejest: cause gold in a game is just gold in a agme
(37:18 / All) CobbsLeftCleat: You shut your mouth or you're getting a time out
(37:19 / All) infinitejest: now you're trying to act like
(37:24 / All) infinitejest: it was all part of your schtick
(37:27 / All) infinitejest: fucking pathetic
(37:33 / All) infinitejest: it's easy not to type how you actually think
(38:21 / All) infinitejest: THE TOILET CLEANERS NEVER GET ANY CREDIT DAMN IT!
(39:07 / All) TOILET-CLEANER: shoulda tanked towers like i said blue
(39:11 / All) TOILET-CLEANER: karma
(39:29 / All) darkside: u guys will never get credit for this
(39:32 / All) TOILET-CLEANER: u guys keep blaming green, i have 10k gold too
(39:54 / All) darkside: take out green then
(40:01 / All) TOILET-CLEANER: yes sir
(41:05 / All) infinitejest: NO
(41:08 / All) infinitejest: LEAVE REDS TANK ALONE
(41:11 / All) infinitejest: HE'S THE ENGINE THAT COULD
(41:15 / All) infinitejest: HE'S TRYING THANK YOU
(41:21 / All) infinitejest: YOU'RE A BEAUTIFUL PERSON
(41:23 / Allies) Junkie_Cum_SIut: best i can do
(41:34 / All) infinitejest: it's ok slut, you're a champion
(41:37 / All) infinitejest: as far as i'm concerned
(41:41 / All) Junkie_Cum_SIut: i agree
(41:43 / All) Junkie_Cum_SIut: 100%
(41:47 / All) infinitejest: green is killing himself now
(41:48 / All) infinitejest: LOL
(41:55 / All) infinitejest: GUY IS A JOKE. NOT FUNNY. NOT GOOD
(41:56 / All) TOILET-CLEANER: so am i
(42:18 / All) Junkie_Cum_SIut: oh i get it
(42:25 / All) Junkie_Cum_SIut: u two are some of those gay duos
(42:32 / All) CobbsLeftCleat: the ambiguously gay duo
(42:33 / All) Muradin: LOL
(42:34 / All) Junkie_Cum_SIut: that play the entire game
(42:34 / All) infinitejest: they even look like twins
(42:35 / All) Junkie_Cum_SIut: and tk
(42:37 / All) Junkie_Cum_SIut: at the end
(42:45 / All) infinitejest: LOLOLOL
(42:49 / All) infinitejest: ITS EVEN WORSE
(42:49 / All) darkside: hahhahahahahaa
(42:51 / All) infinitejest: THAN I IMAGINED
(43:05 / All) darkside: now will u please kill green
(43:18 / All) darkside: stop being such bitches and attack
(44:12 / All) TOILET-CLEANER: shall we do a standoff?
(44:18 / All) CobbsLeftCleat: Aye, we shall!
(44:43 / All) TOILET-CLEANER: listen up, this game was rigged- me and green are in league with each other
(45:27 / All) TOILET-CLEANER: both me and green are leaving the game in 5 min
(45:37 / All) infinitejest: and so it begins.
(45:38 / All) TOILET-CLEANER: all units will be killed, whoever stays longest, wins
(45:47 / All) infinitejest: well i'm on the phone
(46:00 / All) infinitejest: and will probably lose
(46:07 / All) CobbsLeftCleat: bad luck, mate
(46:08 / All) infinitejest: GOOD LUCK TO THE WINNER
(46:08 / All) CobbsLeftCleat: bad luck
(46:27 / All) infinitejest: Green, you're really cool. I'd examine your life, and decide whether you agree with me.
(46:38 / All) CobbsLeftCleat: I agree I'm really cool
(46:41 / All) infinitejest: :D
(47:24 / All) TOILET-CLEANER: standoff done my side
(47:37 / All) CobbsLeftCleat: why you killing ur tower
(48:57 / All) CobbsLeftCleat: yep looks good
(49:01 / All) CobbsLeftCleat: Good luck, gents